 Dungeon Crawl Stone Soup version 0.21.0 (webtiles) character file.

1688 Jynx the Transmogrifier (level 9, -5/64 HPs)
             Began as a Merfolk Transmuter on Jan 6, 2018.
             Was a Follower of Okawaru.
             Killed from afar by an electric eel (7 damage)
             ... with a bolt of electricity
             ... on level 7 of the Dungeon.
             The game lasted 00:16:23 (8473 turns).

Jynx the Transmogrifier (Merfolk Transmuter)        Turns: 8473, Time: 00:16:24

Health: -5/64      AC:  3    Str: 10    XL:     9   Next: 2%
Magic:  13/17      EV: 13    Int: 13    God:    Okawaru [*.....]
Gold:   383        SH:  0    Dex: 17    Spells: 3/18 levels left

rFire    . . .     SeeInvis .     - Unarmed
rCold    . . .     Gourm    +   (shield currently unavailable)
rNeg     . . .     Faith    .   q - +0 robe {MR+}
rPois    .         Spirit   .   (no helmet)
rElec    .         Reflect  .   k - +0 cloak
rCorr    .         Harm     .   (gloves currently unavailable)
MR       +....                  (no boots)
Stlth    ++........             m - amulet of the gourmand
HPRegen  0.20/turn              (no ring)
MPRegen  0.15/turn              (no ring)

@: about to teleport, blade hands (expiring)
A: change form in water, swift swim, stealthy swim
a: End Transformation, Heroism, Renounce Religion


You were on level 7 of the Dungeon.
You worshipped Okawaru.
Okawaru was aware of your devotion.
You were completely stuffed.
You had blades for hands.
You visited 2 branches of the dungeon, and saw 8 of its levels.

You collected 383 gold pieces.

Inventory:

Missiles
 o - 70 arrows
Armour
 i - a +0 pair of gloves (melded)
 k - a +0 cloak (worn)
 q - a +0 robe of magic resistance (worn)
Jewellery
 l - an uncursed amulet of regeneration
 m - an amulet of the gourmand (around neck)
Wands
 g - a wand of random effects (36)
 u - a wand of iceblast (4)
Scrolls
 b - a scroll of magic mapping
 e - 4 scrolls of amnesia
 f - 2 scrolls of teleportation
 n - 3 scrolls of remove curse
 s - a scroll of identify
Potions
 a - 2 potions of heal wounds
 h - 4 potions of curing
 j - 3 potions of agility
 p - a potion of cancellation
 r - 2 potions of might
 t - a potion of brilliance
Books
 c - a book of Changes

   Spells                             Type                      Level
   a - Beastly Appendage              Transmutation                1
   b - Sticks to Snakes               Transmutation                2
   c - Spider Form                    Transmutation/Poison         3
   d - Ice Form                       Ice/Transmutation            4
   e - Blade Hands                    Transmutation                5
Comestibles
 d - 9 rations


   Skills:
 + Level 3.5 Fighting
 + Level 2.6 Dodging
 * Level 4.8 Unarmed Combat
 - Level 5.3 Spellcasting
 + Level 10.6 Transmutations
 - Level 3.0 Ice Magic


You had 3 spell levels left.
You knew the following spells:

 Your Spells              Type           Power        Failure   Level  Hunger
a - Beastly Appendage     Tmut           ####..       9%          1    None
b - Sticks to Snakes      Tmut           ####....     11%         2    ##.....
c - Spider Form           Tmut/Pois      ###.......   36%         3    ###....
d - Blade Hands           Tmut           ####......   36%         5    ######.
e - Ice Form              Ice/Tmut       ###.....     47%         4    ####...


Dungeon Overview and Level Annotations

Branches:
Dungeon (7/15)             Temple (1/1) D:5

Altars:
Ashenzari
Cheibriados
Dithmenos
Makhleb
Okawaru
Qazlal
Sif Muna
Trog
Uskayaw
Vehumet
Wu Jian
Yredelemnul

Shops:
D:5 :%?

Annotations:
D:4 1 runed door
D:7 Joseph


Message History

A hippogriff comes into view.
The hippogriff screeches!
The electric eel shoots out a bolt of lightning at you!
The bolt of electricity hits you!
Joseph, a Mercenary comes into view.
He is wielding a quarterstaff.
You are too injured to fight recklessly!
You are too injured to fight recklessly!
You slash the electric eel!
The electric eel is almost dead.
The electric eel shoots out a bolt of lightning at you!
The bolt of electricity hits the plant.
The bolt of electricity hits you!
* * * LOW HITPOINT WARNING * * *
The electric eel shoots out a bolt of lightning at you!
The bolt of electricity hits you!
* * * LOW HITPOINT WARNING * * *
As you read the scroll of teleportation, it crumbles to dust.
You feel strangely unstable.
The electric eel shoots out a bolt of lightning at you!
The bolt of electricity hits you!
You die...

##.###.. ≈≈ P♣ .♣
........ ♣≈♣$♣ P♣♣♣.
♣...##+#.... ≈≈≈.≈♣♣≈♣P.
♣..........#
♣≈≈≈≈≈≈...♣♣♣..........#
.≈♣.≈≈♣..♣P♣#..........#
≈.≈≈≈♣≈...P♣#..)<#.#.#.#
.≈@≈HP;...♣♣♣......#....
♣≈≈;.@....♣......###.#
♣≈♣.≈.♣P.........# #.#
♣≈....♣.......#.###.#
..≈..♣.♣.♣♣♣#...#..##.#
♣..♣.♣..P♣. ######.##.#
♣♣.....♣♣ ♣♣ #.........
.♣.... #......... ...♣♣
♣###.........
♣............


You could see Joseph, a hippogriff and 2 electric eels.

Vanquished Creatures
  Edmund (D:4)
  Duvessa (D:4)
  A water moccasin (D:5)
  A phantom (D:6)
  2 ogres (D:5)
  3 bullfrogs
  Blork the orc (D:4)
  Dowan (D:4)
  A scorpion (D:3)
  A howler monkey (D:6)
  A centaur zombie (D:6)
  A crimson imp (D:5)
  A human zombie (D:4)
  A jelly (D:5)
  A quasit (D:6)
  An orc priest (D:5)
  2 hounds
  An orc wizard (D:6)
  2 iguanas
  2 worker ants (D:5)
  A killer bee zombie (D:6)
  A hound skeleton (D:5)
  A worker ant zombie (D:2)
  Robin (D:3)
  7 gnolls
  4 adders
  A shadow imp (D:6)
  An adder skeleton (D:5)
  3 worms
  A dart slug (D:2)
  9 leopard geckos
  16 orcs
  4 bats
  5 giant cockroaches
  18 goblins
  4 hobgoblins
  12 jackals
  2 ball pythons (D:2)
  6 frilled lizards
  A goblin skeleton (D:4)
  A goblin zombie (D:4)
  A jackal zombie (D:5)
  9 kobolds
  A leopard gecko skeleton (D:6)
  2 quokka skeletons
  6 rats
144 creatures vanquished.

Vanquished Creatures (collateral kills)
  A scorpion (D:4)
  An iguana (D:3)
2 creatures vanquished.

Grand Total: 146 creatures vanquished

Notes
Turn   | Place    | Note
-------+----------+-------------------------------------------
     0 | D:1      | Jynx the Merfolk Transmuter began the quest for the Orb.
     0 | D:1      | Reached XP level 1. HP: 15/15 MP: 3/3
   170 | D:1      | Reached skill level 3 in Transmutations
   322 | D:1      | Reached XP level 2. HP: 21/21 MP: 3/5
   623 | D:1      | Reached skill level 4 in Transmutations
   629 | D:1      | Reached XP level 3. HP: 6/26 MP: 6/6
  1642 | D:2      | Reached XP level 4. HP: 17/32 MP: 6/8
  1838 | D:2      | Learned a level 2 spell: Sticks to Snakes
  1842 | D:2      | Learned a level 3 spell: Spider Form
  1934 | D:2      | Reached skill level 5 in Transmutations
  2257 | D:3      | Noticed Robin
  2271 | D:3      | Killed Robin
  2994 | D:3      | Reached XP level 5. HP: 22/37 MP: 4/9
  3222 | D:3      | Found a bloodstained altar of Trog.
  3345 | D:3      | Reached skill level 6 in Transmutations
  3485 | D:4      | Noticed Blork the orc
  3485 | D:4      | Noticed Duvessa
  3485 | D:4      | Noticed Dowan
  3513 | D:4      | Noticed Edmund
  3531 | D:4      | Killed Edmund
  3531 | D:4      | Reached XP level 6. HP: 8/43 MP: 5/11
  3793 | D:4      | Reached skill level 7 in Transmutations
  3803 | D:4      | Killed Blork the orc
  4229 | D:4      | Killed Duvessa
  4229 | D:4      | Reached skill level 8 in Transmutations
  4229 | D:4      | Reached XP level 7. HP: 21/48 MP: 9/13
  4402 | D:4      | Killed Dowan
  5413 | D:4      | Found a runed door.
  5413 | D:4      | Noticed a human
  5420 | D:4      | Found a basalt altar of Yredelemnul.
  5527 | D:4      | Learned a level 5 spell: Blade Hands
  5532 | D:4      | Learned a level 4 spell: Ice Form
  5540 | D:5      | Entered Level 5 of the Dungeon
  5572 | D:5      | Reached skill level 9 in Transmutations
  5708 | D:5      | Reached skill level 1 in Ice Magic
  5886 | D:5      | Found a staircase to the Ecumenical Temple.
  5892 | Temple   | Entered the Ecumenical Temple
  5899 | Temple   | Became a worshipper of Warmaster Okawaru
  5964 | D:5      | Found Mulemoro's Book Shoppe.
  6088 | D:5      | Reached XP level 8. HP: 52/56 MP: 15/15
  6096 | D:5      | Found Virinwea's Food Emporium.
  6384 | D:5      | Found Suqeegga's Magic Scroll Boutique.
  7394 | D:6      | Reached skill level 5 in Spellcasting
  7394 | D:6      | Reached skill level 10 in Transmutations
  8045 | D:6      | Reached * piety under Okawaru
  8413 | D:7      | Reached XP level 9. HP: 64/64 MP: 11/17
  8472 | D:7      | Noticed Joseph
  8472 | D:7      | HP: 2/64 [electric eel/bolt of electricity (12)]
  8473 | D:7      | Killed from afar by an electric eel

Skill      XL: |  1  2  3  4  5  6  7  8 |
---------------+-------------------------+-----
Transmutations | 3 4 5 6 8 9 10 | 10.6
Spellcasting   | 3 4 5 |  5.3
Ice Magic      | 1 3 |  3.0
Fighting       | 3 |  3.5
Unarmed Combat | 4 |  4.8
Dodging        | |  2.6

Action                   |  1- 3 |  4- 6 |  7- 9 || total
-------------------------+-------+-------+-------++-------
Melee: Unarmed           |   115 |   199 |   264 ||   578
       Headbutt          |    17 |    28 |    38 ||    83
       Punch             |       |     3 |     4 ||     7
 Cast: Beastly Appendage |    20 |    22 |    24 ||    66
       Sticks to Snakes  |       |    11 |       ||    11
       Spider Form       |       |     1 |     3 ||     4
       Blade Hands       |       |       |    13 ||    13
  Use: Scroll            |     3 |     5 |    10 ||    18
       Potion            |       |       |     1 ||     1
 Stab: Sleeping          |     1 |       |       ||     1
       Distracted        |       |     2 |       ||     2
  Eat: Chunk             |     3 |     8 |    25 ||    36
       Ration            |       |       |     1 ||     1
Armor: Robe              |    22 |    25 |    38 ||    85
       Skin              |       |       |     1 ||     1
Dodge: Dodged            |    82 |   126 |   188 ||   396
